 Dungeon Crawl Stone Soup version 0.16.0-18-g484a79e (webtiles) character file.

2475 inmateoo the Transmogrifier (level 9, -2/53 HPs)
             Began as an Octopode Transmuter on Mar 23, 2015.
             Was an Elder of Makhleb.
             Shot with an arrow of frost by a centaur (10 damage)
             ... on level 7 of the Dungeon.
             The game lasted 00:16:46 (10150 turns).

inmateoo the Transmogrifier (Octopode Transmuter)  Turns: 10150, Time: 00:16:46

Health: -2/53      AC:  1    Str: 10    XL:     9   Next: 51%
Magic:  22/22      EV: 12    Int: 16    God:    Makhleb [****..]
Gold:   412        SH:  0    Dex: 14    Spells: 5 memorised, 5 levels left

rFire  + . .     SeeInvis .       - Unarmed
rCold  x . .     Clarity  +     (no shield)
rNeg   . . .     SustAb   +     (helmet restricted)
rPois  .         Gourm    .     j - amulet of clarity
rElec  .         Spirit   .     p - ring of sustain abilities
rCorr  .         Warding  .     f - ring of fire
rMut   .         Stasis   .     (no ring)
MR     .....                    (no ring)
Stlth  ++........               (no ring)
                                (no ring)
                                (no ring)
                                (no ring)

@: heavily drained, not resistant to hostile enchantments, unstealthy
A: almost no armour, amphibious, 8 rings, constrict 8, camouflage 1, gelatinous
body 1
a: Minor Destruction, Lesser Servant of Makhleb, Major Destruction, Renounce
Religion


You were on level 7 of the Dungeon.
You worshipped Makhleb.
Makhleb was greatly pleased with you.
You were not hungry.

You visited 1 branch of the dungeon, and saw 7 of its levels.
You also visited: Sewer.

You collected 412 gold pieces.

Inventory:

Hand weapons
 r - a +1 blowgun
Missiles
 b - 39 arrows
 s - 3 poisoned needles
Magical staves
 v - an uncursed staff of power
 y - an uncursed staff of poison
Jewellery
 f - a ring of fire (right tentacle)
 j - an amulet of clarity (around mantle)
 p - a ring of sustain abilities (left tentacle)
 u - a cursed ring of teleportation
Magical devices
 h - a wand of random effects (22)
 D - a wand of fireball (3)
 E - a wand of fire (3)
Scrolls
 l - 2 scrolls of recharging
 t - a scroll of enchant weapon
 x - a scroll of fog
 z - a scroll of teleportation
 F - a scroll of remove curse
Potions
 c - 2 potions of cure mutation
 e - 2 potions of lignification
 g - 3 potions of haste
 k - a potion of magic
 n - a potion of restore abilities {unknown}
 q - a potion of brilliance {unknown}
 A - 3 potions of flight {unknown}
 B - a potion of invisibility
Books
 d - a book of Changes

   Spells                             Type                      Level
   a - Beastly Appendage              Transmutation                1
   b - Sticks to Snakes               Transmutation                2
   c - Spider Form                    Transmutation/Poison         3
   d - Ice Form                       Ice/Transmutation            4
   e - Blade Hands                    Transmutation                5
Comestibles
 a - 5 bread rations
 i - 2 meat rations
 m - 4 fruits


   Skills:
 - Level 1.0(0.0) Fighting
 + Level 3.3(1.9) Dodging
 + Level 6.5(5.0) Unarmed Combat
 + Level 6.1(4.5) Spellcasting
 * Level 9.0(7.3) Transmutations


You had 5 spell levels left.
You knew the following spells:

 Your Spells              Type           Power        Failure   Level  Hunger
a - Beastly Appendage     Trmt           ####..       1%          1    None
b - Sticks to Snakes      Trmt           ####......   1%          2    ##.....
c - Spider Form           Trmt/Pois      ###.......   12%         3    ###....
d - Blade Hands           Trmt           ####......   28%         5    ######.
e - Ice Form              Ice/Trmt       #.......     38%         4    ####...


Dungeon Overview and Level Annotations

Branches:
Dungeon (7/15)             Temple (0/1) D:5

Altars:
Makhleb


Innate Abilities, Weirdness & Mutations

You cannot wear most types of armour.
You are amphibious.
You can wear up to eight rings at the same time.
You can use your tentacles to constrict many enemies at once.
Your skin changes colour to match your surroundings (Stealth).
Your rubbery body absorbs attacks (AC +1).


Message History

The arrow of frost hits you! The arrow of frost freezes you.
Found 23 stones.
A kobold comes into view. It is wielding a short sword.
You see here an arrow of frost.
The centaur shoots an arrow of frost.
The arrow of frost barely misses you.
The centaur shoots an arrow of frost.
The arrow of frost misses you.
You see here 2 arrows of frost.
The centaur shoots an arrow of frost.
The arrow of frost hits you! The arrow of frost freezes you.
The centaur shoots an arrow of frost.
The arrow of frost hits you. The arrow of frost freezes you.
You see here an arrow of frost.
The centaur shoots an arrow of frost.
The arrow of frost hits you!
* * * LOW HITPOINT WARNING * * *
The arrow of frost freezes you.
* * * LOW HITPOINT WARNING * * *
Things that are here:
a flail of draining; a chain mail The centaur shoots an arrow of frost.
The arrow of frost hits you!
You die...

#.# ##......## #####.####
#........# ##.....<..##
###..[.....#
#..........###..........#
#.#........#...#..[.....#
..........[[.###........#
#.#.#...###### #........#
..#.#.#(# ##...[..##
#.....#.# ##@.######
#.....#.#######).#######
........................#
.#...##..##(.###........
.#... #..c.## ##.......
.. . ##..### ....... .#
#...# ###### ##..## #.(.#


You could see a centaur.

Vanquished Creatures
  Pikel (D:6)
  Edmund (D:7)
  Menkaure (D:5)
  2 ice beasts
  4 slaves
  A centaur (D:5)
  An ogre (D:5)
  2 giant frogs
  A gnoll sergeant (D:6)
  A jelly (D:7)
  Dowan (D:5)
  A goliath beetle (D:6)
  A hound (D:5)
  A crimson imp (D:5)
  5 orc priests
  3 iguanas
  Natasha (twice) (D:4)
  8 orc wizards
  4 worker ants
  Ijyb (D:2)
  3 hound zombies
  9 adders
  A gnoll (D:6)
  A shadow imp (D:6)
  4 giant mites
  7 worms
  6 giant geckos
  3 oozes (Sewer)
  10 orcs
  5 ball pythons
  8 hobgoblins
  6 jackals
  15 kobolds
  A quokka (D:6)
  16 bats
  3 giant cockroaches
  A giant gecko skeleton (D:5)
  8 giant newts
  8 goblins
  14 rats
171 creatures vanquished.

Vanquished Creatures (collateral kills)
  The ghost of herpmino the Scratcher, an average FeCK of Xom (D:4)
  Duvessa (D:5)
  An orc priest (D:5)
  A hound (D:5)
  An iguana (D:5)
  A worker ant (D:5)
  4 orc wizards
  A worm (D:2)
  3 orcs
  Natasha (D:4)
  A bat zombie (D:5)
16 creatures vanquished.

Grand Total: 187 creatures vanquished

Notes
Turn   | Place    | Note
--------------------------------------------------------------
     0 | D:1      | inmateoo, the Octopode Transmuter, began the quest for the Orb.
     0 | D:1      | Reached XP level 1. HP: 13/13 MP: 3/3
   243 | D:1      | Reached XP level 2. HP: 16/18 MP: 2/4
   925 | D:2      | Reached XP level 3. HP: 19/23 MP: 3/6
  1235 | D:2      | Learned a level 2 spell: Sticks to Snakes
  1239 | D:2      | Learned a level 3 spell: Spider Form
  1263 | D:2      | Noticed Ijyb
  1280 | D:2      | Killed Ijyb
  1564 | D:2      | Reached XP level 4. HP: 21/28 MP: 8/8
  1577 | D:2      | Found a burning altar of Makhleb.
  1652 | D:2      | Became a worshipper of Makhleb the Destroyer
  3025 | D:3      | Reached XP level 5. HP: 33/33 MP: 10/10
  3275 | D:3      | Acquired Makhleb's first power
  3279 | D:3      | Reached skill level 4 in Transmutations
  3571 | D:4      | Noticed herpmino's ghost (average FeCK)
  3965 | D:4      | Noticed Natasha
  3971 | D:4      | Killed Natasha
  3971 | D:4      | Reached XP level 6. HP: 21/38 MP: 13/13
  4160 | D:4      | Noticed Natasha
  4167 | D:4      | Killed Natasha
  4216 | D:4      | Killed herpmino's ghost
  4754 | D:4      | Noticed Natasha
  4764 | D:4      | Killed Natasha
  5133 | D:5      | Entered Level 5 of the Dungeon
  5138 | D:5      | Reached skill level 5 in Transmutations
  5192 | D:5      | Found a staircase to the Ecumenical Temple.
  5227 | D:5      | Noticed Duvessa
  5235 | D:5      | Noticed Dowan
  5240 | D:5      | Killed Duvessa
  5249 | D:5      | Killed Dowan
  5249 | D:5      | Acquired Makhleb's second power
  5249 | D:5      | Reached XP level 7. HP: 16/43 MP: 2/15
  5685 | D:5      | Noticed Menkaure
  5694 | D:5      | Killed Menkaure
  5694 | D:5      | Reached skill level 6 in Transmutations
  5817 | D:5      | Reached skill level 5 in Unarmed Combat
  6179 | D:5      | Reached XP level 8. HP: 41/48 MP: 11/19
  6584 | D:6      | Learned a level 5 spell: Blade Hands
  6589 | D:6      | Learned a level 4 spell: Ice Form
  6658 | D:6      | Found a glowing drain.
  6737 | Sewer    | Entered a sewer
  6749 | Sewer    | Acquired Makhleb's third power
  6850 | Sewer    | Reached skill level 7 in Transmutations
  7337 | D:6      | Reached skill level 5 in Spellcasting
  7775 | D:6      | Acquired Makhleb's fourth power
  9034 | D:7      | Reached skill level 8 in Transmutations
  9046 | D:7      | Reached XP level 9. HP: 49/53 MP: 10/21
  9085 | D:7      | Noticed Pikel
  9691 | D:6      | Killed Pikel
  9861 | D:7      | Noticed Edmund
  9877 | D:7      | Killed Edmund
  9877 | D:7      | Reached skill level 9 in Transmutations
 10150 | D:7      | Shot with an arrow of frost by a centaur

Action                   |  1- 3 |  4- 6 |  7- 9 || total
-------------------------+-------+-------+-------++-------
Melee: Unarmed           |    74 |   137 |   319 ||   530
 Fire: Blowgun           |       |     1 |       ||     1
 Cast: Beastly Appendage |     8 |    12 |     2 ||    22
       Sticks to Snakes  |       |    27 |    14 ||    41
       Spider Form       |       |       |    14 ||    14
       Blade Hands       |       |       |     2 ||     2
       Ice Form          |       |       |     2 ||     2
  Use: Scroll            |       |    12 |     4 ||    16
       Potion            |       |     2 |     4 ||     6
 Stab: Sleeping          |     7 |     5 |     4 ||    16
       Distracted        |       |       |     1 ||     1
  Eat: Chunk             |     2 |    11 |    16 ||    29
       Royal jelly       |       |     1 |       ||     1
       Beef jerky        |       |       |     2 ||     2
